Description

WIP

Build Order

Get SALT Encoding   

  12  0:01  Probe  
  13  0:13  Probe  
  14  0:19  Pylon  
  14  0:25  Probe  
  15  0:37  Probe (Chrono Boost)  
  15  0:40  Gateway  
  16  0:49  Probe  
  17  0:53  Assimilator  
  16  0:49  Probe  
  18  1:03  Probe  
  19  1:16  Probe  
  20  1:25  Nexus  
  20  1:36  Cybernetics Core  
  20  1:39  Probe  
  21  1:43  Assimilator  
  21  1:51  Probe  
  22  2:04  Pylon  
  23  2:21  Adept (Chrono Boost)  
  26  2:25  Stargate  
  26  2:31  Warp Gate  
  27  2:40  Adept (Chrono Boost)  
  35  3:08  Oracle (Chrono Boost)  
  38  3:28  Gateway  
  38  3:33  Adept  
  40  3:37  Pylon  
  44  3:44  Pylon  
  44  3:55  Oracle (Chrono Boost)  
  48  4:03  Robotics Facility  
  52  4:29  Twilight Council  
  48  4:05  Forge  
  46  4:00  Assimilator x2, Nexus  
  54  4:42  Adept x2  
  54  4:48  Gateway x2  
  54  4:50  Observer (Chrono Boost)  
  55  5:05  Charge (Chrono Boost), Protoss Ground Weapons Level 1 (Chrono Boost), Immortal (Chrono Boost)  
  60  5:30  Gateway x4  
  60  6:00  Gateway x2, Templar Archives  
  64  6:05  Warp Prism (Chrono Boost), Immortal (Chrono Boost)  
  70  6:30  Zealot x10  
  90  7:00  Archon x5  
Spawning Tool Build Advisor. Get it on Overwolf

Go to:

Details

  • Created by: DB43Venom
  • Published on: Aug 09, 2024
  • Modified on: Aug 09, 2024
  • Patch: 5.0.11
  • Difficulty: Medium
Show
View Real Time Build Order
Export as new Build Order

Comments (1)

On Oct. 11, 2024, 6:07 p.m., ReturningPlayer  said:

15 0:40 Gateway
16 0:49 Probe
17 0:53 Assimilator
16 0:49 Probe
18 1:03 Probe

That probe requires time travel to make on time sadly

Create an account to comment!